 Dungeon Crawl Stone Soup version 0.21.0-3-g78d12a8 (webtiles) character file.

77 mopl the Vexing (level 4, -2/30 HPs)
             Began as a Mummy Enchanter on Jan 16, 2018.
             Slain by an orc
             ... wielding a +0 flail
              (5 damage)
             ... on level 2 of the Dungeon.
             The game lasted 00:03:24 (2033 turns).

mopl the Vexing (Mummy Enchanter)                   Turns: 2033, Time: 00:03:25

Health: -2/30      AC:  6    Str: 11    XL:     4   Next: 14%
Magic:  6/8        EV: 12    Int: 14    God:
Gold:   154        SH:  0    Dex: 13    Spells: 1/9 levels left

rFire    x . .     SeeInvis .   b - +2 short sword (protect)
rCold    + . .     Gourm    .   (no shield)
rNeg     + + +     Faith    .   l - +0 robe
rPois    ∞         Spirit   .   m - +2 hat
rElec    .         Reflect  .   (no cloak)
rCorr    .         Harm     .   g - +1 pair of gloves
MR       .....                  (no boots)
Stlth    ++........             (no amulet)
HPRegen  0.10/turn              (no ring)
MPRegen  0.11/turn              (no ring)

@: no status effects
A: no food or potions, fire vulnerability, cold resistance 1, negative energy
resistance 3, torment resistance, unbreathing
a: no special abilities


You were on level 2 of the Dungeon.
You were not hungry.

You visited 1 branch of the dungeon, and saw 3 of its levels.

You collected 154 gold pieces.

Inventory:

Hand Weapons
 a - a +3 dagger
 b - a +2 short sword of protection (weapon)
Missiles
 d - 17 poisoned needles
 e - 2 needles of paralysis
Armour
 g - a +1 pair of gloves (worn)
 l - a +0 robe (worn)
 m - a +2 hat (worn)
Scrolls
 f - 2 scrolls of amnesia
 h - 2 scrolls of identify {unknown}
 i - a scroll of immolation {unknown}
 j - a scroll of blinking {unknown}
 k - a scroll of magic mapping {unknown}
 n - a scroll of noise {unknown}
Books
 c - a book of Maledictions

   Spells                             Type                      Level
   a - Corona                         Hexes                        1
   b - Ensorcelled Hibernation        Hexes/Ice                    2
   c - Confuse                        Hexes                        3
   d - Tukima's Dance                 Hexes                        3
   e - Dazzling Spray                 Conjuration/Hexes            3


   Skills:
 + Level 1.2 Short Blades
 - Level 1.5 Dodging
 * Level 3.1 Stealth
 + Level 3.2 Spellcasting
 * Level 3.4 Hexes
 + Level 0.7 Ice Magic


You had one spell level left.
You knew the following spells:

 Your Spells              Type           Power        Failure   Level  Hunger
b - Ensorcelled Hibernat  Hex/Ice        #.....       14%         2    N/A
c - Confuse               Hex            ##......     16%         3    N/A
d - Tukima's Dance        Hex            ##......     16%         3    N/A

Dungeon Overview and Level Annotations

Branches:
Dungeon (3/15)

Altars:

Annotations:
D:3 komo4ek's ghost, novice HuFE


Innate Abilities, Weirdness & Mutations

You do not eat or drink.
Your flesh is vulnerable to fire.
You are immune to poison.
Your flesh is cold resistant. (rC+)
You are immune to negative energy. (rN+++)
You are immune to unholy pain and torment.
You can survive without breathing.


Message History

You are too injured to fight recklessly!
You are too injured to fight recklessly!
You are too injured to fight recklessly!
You closely miss the rat. The rat bites you but does no damage.
You closely miss the rat. The rat misses you.
You hit the rat.
Your weapon exudes an aura of protection.
You kill the rat!
The orc hits you with a flail!
* * * LOW HITPOINT WARNING * * *
You climb upwards.
There is a stone staircase leading down here.
Casting: Ensorcelled Hibernation
Confirm with . or Enter, or press ? or * to list all spells.
Aiming: Ensorcelled Hibernation
Press: ? - help, Shift-Dir - straight line, f - orc
Aim: an orc, wielding a flail (chance to defeat MR: 57%)
The orc resists with significant effort.
The orc hits you with a flail.
You die...

...#......###.#.......##.#......#
..........# #.........##.#...#..#
..........# ##...................
..........# #...!......#+#.#...#)
........### #.....†..............
........# #..#'#####.)...#.(###
#############....### ##....#.((#
# #.........# #....##((# #
#......@..# ####.....# #
#......o..# #####(## #
#.........# #######... #
#.......).# #.........
#.........# ###.#.......
######....# #........... #....#
#........... #....# #.......####
#....# #...........


You could see an orc.

Vanquished Creatures
  2 adders (D:2)
  2 oozes
  2 worms (D:2)
  2 dart slugs
  8 goblins
  5 hobgoblins
  4 jackals (D:2)
  A ball python (D:2)
  3 bats
  4 frilled lizards
  3 kobolds
  7 rats
43 creatures vanquished.

Notes
Turn   | Place    | Note
-------+----------+-------------------------------------------
     0 | D:1      | mopl the Mummy Enchanter began the quest for the Orb.
     0 | D:1      | Reached XP level 1. HP: 13/13 MP: 4/4
   510 | D:1      | Reached skill level 1 in Short Blades
   514 | D:1      | Reached XP level 2. HP: 19/19 MP: 3/5
   528 | D:1      | Reached skill level 3 in Hexes
   532 | D:1      | Learned a level 2 spell: Ensorcelled Hibernation
   801 | D:2      | Reached skill level 3 in Spellcasting
   801 | D:2      | Reached XP level 3. HP: 13/24 MP: 0/7
   935 | D:2      | Learned a level 3 spell: Confuse
  1214 | D:2      | Reached skill level 3 in Stealth
  1733 | D:2      | Reached XP level 4. HP: 28/30 MP: 8/8
  1746 | D:2      | Learned a level 3 spell: Tukima's Dance
  1997 | D:3      | Noticed komo4ek's ghost (novice HuFE)
  2033 | D:2      | Slain by an orc

Skill      XL: |  1  2  3 |
---------------+----------+-----
Short Blades   | 1 |  1.2
Hexes          | 3 |  3.4
Spellcasting   | 3 |  3.2
Stealth        | 3 |  3.1
Dodging        | |  1.5
Ice Magic      | |  0.7

Action                   |  1- 3 |  4- 6 || total
-------------------------+-------+-------++-------
Melee: Dagger            |   112 |       ||   112
       Short sword       |    23 |    31 ||    54
 Cast: Corona            |     9 |       ||     9
       Ensorcelled Hiber |    11 |     1 ||    12
  Use: Scroll            |     1 |       ||     1
 Stab: Sleeping          |     5 |       ||     5
Armor: Robe              |    34 |     5 ||    39
Dodge: Dodged            |    79 |    18 ||    97
